 Dungeon Crawl Stone Soup version 0.29.0-4-gdea44cf6ec (webtiles) character file.

Game seed: 12214235142390894992

129 qw the Chopper (level 5, -3/30 HPs)
             Began as a Tengu Warper on Aug 28, 2022.
             Slain by a river rat (7 damage)
             ... on level 4 of the Dungeon.
             The game lasted 00:00:16 (3105 turns).

qw the Chopper (Tengu Warper)                       Turns: 3105, Time: 00:00:17

Health: -3/30      AC:  6    Str: 11 (13) XL:     5   Next: 12%
Magic:  9/9        EV:  7    Int: 10 (13) God:
Gold:   59         SH:  0    Dex: 13 (14) Spells: 8/8 levels left

rFire   + . .      SeeInvis .   e - +0 war axe
rCold   . . .      Faith    .   (no shield)
rNeg    . . .      Spirit   .   b - +0 scale mail
rPois   .          Reflect  .   (helmet restricted)
rElec   .          Harm     .   (no cloak)
rCorr   .          Rampage  .   (no gloves)
Will    .....                   (boots unavailable)
Stlth   ..........              (no amulet)
HPRegen 0.10/turn               f - ring of protection from fire
MPRegen 0.11/turn               (no ring)

@: about to teleport, flying quickly and evasively, constricted, quick
A: beak, talons 3, nimble flight
a: no special abilities


You were on level 4 of the Dungeon.
You visited 1 branch of the dungeon, and saw 4 of its levels.

You collected 137 gold pieces.
You spent 78 gold pieces at shops.


Innate Abilities, Weirdness & Mutations

You have a beak for a mouth.
You have claws for feet.
Your magical nature lets you fly swiftly and evasively.


   Skills:
 - Level 2.0 Fighting
 + Level 5.7 Axes
 - Level 1.0 Throwing
 - Level 1.1 Armour
 - Level 2.1 Dodging
 - Level 2.0 Spellcasting
 - Level 2.4 Translocations


You had 8 spell levels left.
You didn't know any spells.
Your spell library contained the following spells:

 Spells                   Type           Power      Damage    Failure   Level
 Blink                    Tloc           10%        N/A       71%         2
 Gell's Gravitas          Tloc           5%         N/A       91%         3
 Lesser Beckoning         Tloc           5%         N/A       91%         3
 Teleport Other           Tloc           5%         N/A       91%         3
 Manifold Assault         Tloc           5%         N/A       100%        5

Inventory:

Hand Weapons
 d - a +0 mace
 e - a +0 war axe (weapon)
Armour
 b - a +0 scale mail (worn)
Jewellery
 f - a ring of protection from fire (left hand)
Scrolls
 i - 4 scrolls of identify
Potions
 c - 3 potions of curing

Dungeon Overview and Level Annotations

Branches:
Dungeon (4/15)
 Temple: D:4-7

Altars:

Shops:
D:3 !

Portals:
Sewer: D:4


Message History

The necrophage is moderately damaged.
The necrophage hits you.
You hit the necrophage. Your kick misses the necrophage.
The necrophage is moderately damaged.
The necrophage hits you but does no damage.
You slash the necrophage!
You claw the necrophage, but do no damage.
Your peck misses the necrophage.
The necrophage is severely damaged.
The necrophage hits you.
You feel drained. The necrophage hits you.
You feel drained.
3101 ||| READING 2 scrolls of teleportation.
As you read the scroll of teleportation, it crumbles to dust.
You feel strangely unstable. The necrophage barely misses you.
You slash the necrophage!
You destroy the necrophage!
You feel your strength returning.
You feel your dexterity returning.
Your life force feels restored.
Your Axes skill increases to level 5!
You have reached level 5!
Your magical nature develops, letting you fly swiftly and evasively.
You start resting.
Your surroundings suddenly seem different.
A ball python, 2 rats, a giant cockroach and a river rat come into view.
Found a glowing drain.
The ball python hisses angrily.
The river rat barely misses you.
3104 ||| READING scroll of teleportation.
As you read the scroll of teleportation, it crumbles to dust.
You feel strangely unstable. The ball python bites you.
The ball python closely misses you. The giant cockroach barely misses you.
You barely miss the river rat. Your kick misses the river rat.
Your peck misses the river rat. You closely miss the ball python.
You barely miss the giant cockroach. The ball python barely misses you.
The ball python grabs you. The ball python constricts you.
The giant cockroach bites you but does no damage.
The river rat bites you!
You die...

#######
#\~~~~#
#~~~~~##
#~~r~..#
#~BrS..#
#..@r..#
#..###..#
.... ..#
#### .# #


You could see a river rat, a giant cockroach, a ball python and 2 rats.

Vanquished Creatures
  A necrophage (D:4)
  An adder (D:4)
  A worm (D:1)
  A dart slug (D:2)
  4 orcs (D:3)
  3 ball pythons
  5 bats
  6 endoplasms
  2 giant cockroaches (D:1)
  5 goblins
  4 hobgoblins
  6 jackals (D:1)
  4 kobolds
  A quokka (D:2)
  A frilled lizard (D:1)
  3 rats
48 creatures vanquished.

Vanquished Creatures (others)
  2 plants (D:2)
2 creatures vanquished.

Grand Total: 50 creatures vanquished

Notes
Turn   | Place    | Note
-------+----------+-------------------------------------------
     0 | D:1      | qw the Tengu Warper began the quest for the Orb.
     0 | D:1      | Reached XP level 1. HP: 12/12 MP: 4/4
     0 | D:1      | 0 ||| qw: Version: 0.1-a-89-g26bdef1
     0 | D:1      | 0 ||| qw: Game counter: 1459
     0 | D:1      | 0 ||| qw: Always use a shield: true
     0 | D:1      | 0 ||| qw: God list: Okawaru
     0 | D:1      | 0 ||| qw: Allow faded altars: false
     0 | D:1      | 0 ||| qw: Do Orc after D:15 true
     0 | D:1      | 0 ||| qw: Do second Lair branch before Depths: true
     0 | D:1      | 0 ||| qw: Lair rune preference: random
     0 | D:1      | 0 ||| qw: Plans: Normal
     0 | D:1      | 0 ||| PLANNING D:1-11
   103 | D:1      | Found a faded altar of an unknown god.
   199 | D:1      | Reached skill level 3 in Axes
   199 | D:1      | Reached XP level 2. HP: 14/17 MP: 6/6
   333 | D:1      | 333 ||| Stepping ~*~*~tactically~*~*~ (stealth).
   359 | D:1      | 359 ||| Stepping ~*~*~tactically~*~*~ (stealth).
   385 | D:1      | 385 ||| Stepping ~*~*~tactically~*~*~ (stealth).
   387 | D:1      | 387 ||| Stepping ~*~*~tactically~*~*~ (stealth).
   390 | D:1      | 390 ||| Stepping ~*~*~tactically~*~*~ (stealth).
   391 | D:1      | 391 ||| Stepping ~*~*~tactically~*~*~ (stealth).
   392 | D:1      | 392 ||| Stepping ~*~*~tactically~*~*~ (stealth).
   393 | D:1      | 393 ||| Stepping ~*~*~tactically~*~*~ (stealth).
   394 | D:1      | 394 ||| Stepping ~*~*~tactically~*~*~ (stealth).
   396 | D:1      | 396 ||| Stepping ~*~*~tactically~*~*~ (stealth).
   397 | D:1      | 397 ||| Stepping ~*~*~tactically~*~*~ (stealth).
   405 | D:1      | 405 ||| Stepping ~*~*~tactically~*~*~ (stealth).
   407 | D:1      | 407 ||| Stepping ~*~*~tactically~*~*~ (stealth).
   413 | D:1      | 413 ||| Stepping ~*~*~tactically~*~*~ (stealth).
   800 | D:1      | 800 ||| Stepping ~*~*~tactically~*~*~ (stealth).
   807 | D:1      | Reached XP level 3. HP: 21/21 MP: 7/7
  1124 | D:1      | Reached skill level 4 in Axes
  1351 | D:1      | 1351 ||| READING scroll labelled KEIL BUALEY.
  1352 | D:1      | 1352 ||| READING scroll labelled OZXUAFR YVOAME.
  1353 | D:1      | 1353 ||| READING scroll labelled VETEPT JAOSH.
  1454 | D:1      | 1454 ||| DROPPING scroll of blinking.
  1846 | D:2      | 1846 ||| READING scroll of enchant weapon.
  1846 | D:2      | 1846 ||| ENCHANTING +1 hand axe.
  2088 | D:2      | 2088 ||| UPGRADING to +0 ring mail.
  2098 | D:2      | 2098 ||| DROPPING +0 leather armour.
  2099 | D:2      | 2099 ||| READING scroll labelled XOUVEM JEADDUB.
  2100 | D:2      | 2100 ||| READING scroll labelled DESOXT GUIMPUCLIM.
  2105 | D:2      | 2105 ||| READING scroll labelled GUOTIO XA YTS.
  2106 | D:2      | 2106 ||| DRINKING 2 glowing white potions.
  2107 | D:2      | 2107 ||| DROPPING potion of attraction.
  2198 | D:3      | 2198 ||| READING scroll of enchant weapon.
  2198 | D:3      | 2198 ||| ENCHANTING +2 hand axe of draining.
  2321 | D:3      | Found Neup's Distillery.
  2337 | D:3      | 2337 ||| BUYING 2 potions of curing (78 gold).
  2337 | D:3      | Bought 2 potions of curing for 78 gold pieces
  2337 | D:3      | 2337 ||| SHOPLISTING 2 potions of resistance (260 gold,
                  | have 28).
  2337 | D:3      | 2337 ||| SHOPLISTING potion of curing (39 gold, have 28).
  2337 | D:3      | 2337 ||| SHOPLISTING potion of heal wounds (65 gold, have
                  | 28).
  2337 | D:3      | 2337 ||| SHOPLISTING potion of mutation (104 gold, have
                  | 28).
  2384 | D:3      | 2384 ||| STAIRDANCE
  2477 | D:2      | 2477 ||| READING scroll labelled SUHUOS CURERR.
  2478 | D:2      | 2478 ||| DRINKING 2 bubbling brown potions.
  2479 | D:2      | 2479 ||| READING 2 scrolls of identify.
  2479 | D:2      | 2479 ||| IDENTIFYING orange potion
  2480 | D:2      | 2480 ||| DROPPING potion of berserk rage.
  2481 | D:2      | 2481 ||| DROPPING potion of degeneration.
  2494 | D:3      | 2494 ||| Stepping ~*~*~tactically~*~*~ (stealth).
  2496 | D:3      | 2496 ||| Stepping ~*~*~tactically~*~*~ (stealth).
  2502 | D:3      | Reached XP level 4. HP: 26/26 MP: 8/8
  2518 | D:3      | 2518 ||| SWAPPING to +0 war axe.
  2519 | D:3      | 2519 ||| DROPPING +3 hand axe of draining.
  2825 | D:3      | 2825 ||| UPGRADING to +0 scale mail.
  2835 | D:3      | 2835 ||| DROPPING +0 ring mail.
  2836 | D:3      | 2836 ||| UPGRADING to ring of protection from fire.
  2840 | D:4      | 2840 ||| PLANNING OSSUARY
  3093 | D:4      | Noticed a necrophage
  3100 | D:4      | HP: 5/22 [necrophage (1)]
  3101 | D:4      | 3101 ||| READING 2 scrolls of teleportation.
  3102 | D:4      | Killed a necrophage
  3103 | D:4      | Reached skill level 5 in Axes
  3103 | D:4      | Gained mutation: Your magical nature lets you fly swiftly
                  | and evasively. [Tengu growth]
  3103 | D:4      | Reached XP level 5. HP: 6/30 MP: 9/9
  3103 | D:4      | Found a glowing drain.
  3104 | D:4      | 3104 ||| READING scroll of teleportation.
  3105 | D:4      | Slain by a river rat

Levels and vault maps discovered:
D:1:      saegor_arrival_simple_a, layout_loops_ring,
          ebering_ecumenical_altar_mist, nicolae_wormholes
D:2:      layout_rooms, serial_bayou, serial_bayou_shore_a,
          serial_bayou_shore_b, serial_bayou_shore_b, serial_bayou_shore_b,
          serial_bayou_pond_c, serial_bayou_crossing, hangedman_decor_push
D:3:      layout_loops_cross, serial_shops, nicolae_shop_statue_plus
D:4:      layout_loops_ring, portal_sewer_entry_b, enter_ossuary_4,
          grunt_decor_resistance

Skill      XL: |  1  2  3  4 |
---------------+-------------+-----
Axes           | 3 4 5 |  5.7
Fighting       | |  2.0
Throwing       | |  1.0
Armour         | |  1.1
Dodging        | |  2.1
Spellcasting   | |  2.0
Translocations | |  2.4

Action                   |  1- 3 |  4- 6 || total
-------------------------+-------+-------++-------
Melee: Hand axe          |   100 |     1 ||   101
       Kick              |    20 |     3 ||    23
       Peck              |    17 |       ||    17
       War axe           |       |    22 ||    22
Throw: Boomerang         |     7 |       ||     7
  Use: Scroll            |    10 |     2 ||    12
       Potion            |     2 |       ||     2
Armor: Leather armour    |    14 |       ||    14
       Scale mail        |       |    11 ||    11
       Ring mail         |       |     1 ||     1
Dodge: Dodged            |    61 |     9 ||    70

Table legend:
 A = Non-vault XP
 B = Vault XP
 C = Vault XP percentage of total XP
 D = Non-vault monster count
 E = Vault monster count
 F = Vault count percentage of total count
                 A         B        C        D         E       F
            +---------+---------+-------+---------+---------+-------
      Total |     180 |       5 |   2.7 |      47 |       1 |   2.1
            +---------+---------+-------+---------+---------+-------
        D:1 |      48 |       5 |   9.4 |      26 |       1 |   3.7
        D:2 |      13 |       0 |   0.0 |       7 |       0 |   0.0
        D:3 |      23 |       0 |   0.0 |      11 |       0 |   0.0
        D:4 |      96 |       0 |   0.0 |       3 |       0 |   0.0
            +---------+---------+-------+---------+---------+-------
